| TOP OF THE 1ST |
|
Toronto Blue Jays batting - Pitching for Montreal Expos : RHP Jon Lieber
|
|
Pitching: RHP Jon Lieber
|
|
|
Batting: RHB Derek Jeter
|
0-0: Called Strike 0-1: Foul Ball, location: 2F 0-2: Foul Ball, location: 2F 0-2: Foul Ball, location: 2F 0-2: Ball 1-2: Ball 2-2: Strikes out swinging
|
|
Batting: LHB Will Clark
|
0-0: Called Strike 0-1: Foul Ball, location: 2F 0-2: Ball 1-2: Strikes out swinging
|
|
Batting: RHB Mark McGwire
|
0-0: Ball 1-0: Ball 2-0: Ball 3-0: Called Strike 3-1: Base on Balls
|
|
Batting: RHB Ellis Burks
|
0-0: Ball 1-0: Fielders Choice at 2nd, 6-4 (Groundball, 6, EV 106.9 MPH)
|
| Top of the 1st over - 0 runs, 0 hits, 0 errors, 1 left on base; Toronto 0 - Montreal 0 |
| BOTTOM OF THE 1ST |
|
Montreal Expos batting - Pitching for Toronto Blue Jays : RHP Melido Perez
|
|
Pitching: RHP Melido Perez
|
|
|
Batting: SHB Ricky Otero
|
0-0: SINGLE (Line Drive, 5D, EV 108.8 MPH)
|
|
Batting: SHB Gregg Jefferies
|
0-0: Ball 1-0: DOUBLE (Line Drive, 78D, EV 110.0 MPH) Ricky Otero to third
|
|
Batting: RHB Matt Williams
|
0-0: Ball 1-0: Fly out, F9 (Line Drive, 9, EV 92.5 MPH) Runner from 3rd tags up, SCORES, no throw by RF
|
|
Batting: RHB Raul Mondesi
|
0-0: Ball 1-0: Ball 2-0: Ball Gregg Jefferies steals 3rd base 3-0: Called Strike 3-1: Called Strike 3-2: Fly out, F4 (Popup, 4MS, EV 76.3 MPH)
|
|
Batting: LHB Hal Morris
|
0-0: Ball 1-0: Swinging Strike 1-1: Fly out, F8 (Flyball, 78S, EV 82.5 MPH)
|
| Bottom of the 1st over - 1 run, 2 hits, 0 errors, 1 left on base; Toronto 0 - Montreal 1 |
| TOP OF THE 2ND |
|
Toronto Blue Jays batting - Pitching for Montreal Expos : RHP Jon Lieber
|
|
Batting: LHB Phil Plantier
|
0-0: Called Strike 0-1: Ball 1-1: Ball 2-1: Called Strike 2-2: Foul Ball, location: 2F 2-2: Ball 3-2: Foul Ball, location: 2F 3-2: SINGLE (Groundball, 6MD, EV 102.5 MPH)
|
|
Batting: RHB Dean Palmer
|
0-0: Called Strike 0-1: Called Strike 0-2: Strikes out swinging
|
|
Batting: RHB Hector Villanueva
|
0-0: Called Strike 0-1: Swinging Strike 0-2: SINGLE (Groundball, 6MD, EV 100.0 MPH) Phil Plantier to second
|
|
Batting: LHB Lance Johnson
|
0-0: Fly out, F4 (Line Drive, 4, EV 66.9 MPH)
|
|
Batting: SHB Tony Fernandez
|
0-0: Called Strike 0-1: Ground out 4-3 (Groundball, 4, EV 85.0 MPH)
|
| Top of the 2nd over - 0 runs, 2 hits, 0 errors, 2 left on base; Toronto 0 - Montreal 1 |
| BOTTOM OF THE 2ND |
|
Montreal Expos batting - Pitching for Toronto Blue Jays : RHP Melido Perez
|
|
Batting: RHB Jeff Kent
|
0-0: Called Strike 0-1: Ball 1-1: Ball 2-1: Called Strike 2-2: Foul Ball, location: 2F 2-2: Ground out 6-3 (Groundball, 6, EV 86.3 MPH)
|
|
Batting: RHB Mike Sweeney
|
0-0: Ball 1-0: Called Strike 1-1: Foul Ball, location: 2F 1-2: Ball 2-2: Ball 3-2: Strikes out swinging
|
|
Batting: RHB Leo Gomez
|
0-0: Fly out, F4 (Popup, 4, EV 81.3 MPH)
|
| Bottom of the 2nd over - 0 runs, 0 hits, 0 errors, 0 left on base; Toronto 0 - Montreal 1 |
| TOP OF THE 3RD |
|
Toronto Blue Jays batting - Pitching for Montreal Expos : RHP Jon Lieber
|
|
Batting: RHB Derek Jeter
|
0-0: Called Strike 0-1: Ball 1-1: Called Strike 1-2: Foul Ball, location: 2F 1-2: Ball 2-2: DOUBLE (Line Drive, 7LS, EV 108.1 MPH)
|
|
Batting: LHB Will Clark
|
0-0: Called Strike 0-1: Sac Bunt to 2R - play at first, batter OUT! 2-3 Derek Jeter to third
|
|
Batting: RHB Mark McGwire
|
0-0: Called Strike 0-1: Swinging Strike 0-2: Strikes out swinging
|
|
Batting: RHB Ellis Burks
|
0-0: Ball 1-0: Fly out, F3 (Popup, 34S, EV 77.5 MPH)
|
| Top of the 3rd over - 0 runs, 1 hit, 0 errors, 1 left on base; Toronto 0 - Montreal 1 |
| BOTTOM OF THE 3RD |
|
Montreal Expos batting - Pitching for Toronto Blue Jays : RHP Melido Perez
|
|
Batting: RHB Jose Hernandez
|
0-0: Ball 1-0: Ball 2-0: Ball 3-0: Called Strike 3-1: Called Strike 3-2: Foul Ball, location: 2F 3-2: Base on Balls
|
|
Batting: SHB Ricky Otero
|
0-0: Fly out, F6 (Popup, 6, EV 81.3 MPH)
|
|
Batting: SHB Gregg Jefferies
|
0-0: Called Strike 0-1: Foul Ball, location: 2F 0-2: Ball 1-2: Ball 2-2: Ball 3-2: Strikes out swinging
|
|
Batting: RHB Matt Williams
|
0-0: Fly out, F3 (Flyball, 3D, EV 75.6 MPH)
|
| Bottom of the 3rd over - 0 runs, 0 hits, 0 errors, 1 left on base; Toronto 0 - Montreal 1 |
| TOP OF THE 4TH |
|
Toronto Blue Jays batting - Pitching for Montreal Expos : RHP Jon Lieber
|
|
Batting: LHB Phil Plantier
|
0-0: Called Strike 0-1: Ball 1-1: Foul Ball, location: 2F 1-2: Hit by Pitch
|
|
Batting: RHB Dean Palmer
|
0-0: Foul Ball, location: 2F 0-1: Ball 1-1: Bunt missed! 1-2: Foul Ball, location: 2F 1-2: Strikes out swinging
|
|
Batting: RHB Hector Villanueva
|
0-0: Ball 1-0: Foul Ball, location: 2F 1-1: Swinging Strike 1-2: Ball 2-2: Foul Ball, location: 2F 2-2: Strikes out swinging
|
|
Batting: LHB Lance Johnson
|
0-0: Ball 1-0: Fielders Choice at 2nd, U6 (Groundball, 6M, EV 89.4 MPH)
|
| Top of the 4th over - 0 runs, 0 hits, 0 errors, 1 left on base; Toronto 0 - Montreal 1 |
| BOTTOM OF THE 4TH |
|
Montreal Expos batting - Pitching for Toronto Blue Jays : RHP Melido Perez
|
|
Batting: RHB Raul Mondesi
|
0-0: Ball 1-0: SOLO HOME RUN (Flyball, 7D, EV 100.0 MPH), Distance : 360 ft
|
|
Batting: LHB Hal Morris
|
0-0: Ground out U3 (Groundball, 3L, EV 88.8 MPH)
|
|
Batting: RHB Jeff Kent
|
0-0: Ball 1-0: Called Strike 1-1: Fly out, F9 (Flyball, 89D, EV 79.4 MPH)
|
|
Batting: RHB Mike Sweeney
|
0-0: Ball 1-0: DOUBLE (Flyball, 9LD, EV 95.6 MPH)
|
|
Batting: RHB Leo Gomez
|
0-0: Called Strike 0-1: SINGLE (Groundball, 6D, EV 102.5 MPH) Mike Sweeney to third Runner from 3rd tries for Home, throw by CF and OUT! 8-2
|
| Bottom of the 4th over - 1 run, 3 hits, 0 errors, 1 left on base; Toronto 0 - Montreal 2 |
| TOP OF THE 5TH |
|
Toronto Blue Jays batting - Pitching for Montreal Expos : RHP Jon Lieber
|
|
Batting: SHB Tony Fernandez
|
0-0: Called Strike 0-1: Fly out, F4 (Line Drive, 4, EV 66.9 MPH)
|
|
Batting: RHB Derek Jeter
|
0-0: Foul Ball, location: 2F 0-1: Foul Ball, location: 2F 0-2: Fly out, F9 (Flyball, 89S, EV 87.5 MPH)
|
|
Batting: LHB Will Clark
|
0-0: Swinging Strike 0-1: Ball 1-1: Fly out, F7 (Line Drive, 7, EV 85.6 MPH)
|
| Top of the 5th over - 0 runs, 0 hits, 0 errors, 0 left on base; Toronto 0 - Montreal 2 |
| BOTTOM OF THE 5TH |
|
Montreal Expos batting - Pitching for Toronto Blue Jays : RHP Melido Perez
|
|
Batting: RHB Jose Hernandez
|
0-0: Swinging Strike 0-1: Bunt missed! 0-2: Single, Error in OF, E7, batter to second base (Groundball, 5D, EV 106.3 MPH)
|
|
Batting: SHB Ricky Otero
|
0-0: Ground out 4-3 (Groundball, 4S, EV 61.3 MPH) Jose Hernandez to third
|
|
Batting: SHB Gregg Jefferies
|
0-0: Fly out, F8 (Flyball, 8LXD, EV 105.0 MPH) Runner from 3rd tags up, SCORES, no throw by CF
|
|
Batting: RHB Matt Williams
|
0-0: Fly out, F8 (Flyball, 8RD, EV 96.9 MPH)
|
| Bottom of the 5th over - 1 run, 1 hit, 1 error, 0 left on base; Toronto 0 - Montreal 3 |
| TOP OF THE 6TH |
|
Toronto Blue Jays batting - Pitching for Montreal Expos : RHP Jon Lieber
|
|
Batting: RHB Mark McGwire
|
0-0: Ball 1-0: Foul Ball, location: 2F 1-1: Ball 2-1: Ground out 3-1 (Groundball, 34, EV 87.5 MPH)
|
|
Batting: RHB Ellis Burks
|
0-0: Ball 1-0: Foul Ball, location: 2F 1-1: Foul Ball, location: 2F 1-2: Ball 2-2: SINGLE (Line Drive, 9S, EV 98.8 MPH)
|
|
Batting: LHB Phil Plantier
|
0-0: Called Strike Ellis Burks is caught stealing 2nd base 2-6 0-1: Ball 1-1: Foul Ball, location: 2F 1-2: Foul Ball, location: 2F 1-2: Ball 2-2: Strikes out looking
|
| Top of the 6th over - 0 runs, 1 hit, 0 errors, 0 left on base; Toronto 0 - Montreal 3 |
| BOTTOM OF THE 6TH |
|
Montreal Expos batting - Pitching for Toronto Blue Jays : RHP Melido Perez
|
|
Batting: RHB Raul Mondesi
|
0-0: Swinging Strike 0-1: Fly out, F9 (Flyball, 89S, EV 83.1 MPH)
|
|
Batting: LHB Hal Morris
|
0-0: Foul Ball, location: 2F 0-1: Ball 1-1: Foul Ball, location: 2F 1-2: Ball 2-2: Strikes out looking
|
|
Batting: RHB Jeff Kent
|
0-0: Ball 1-0: Called Strike 1-1: Called Strike 1-2: DOUBLE (Line Drive, 9LS, EV 93.1 MPH)
|
|
Batting: RHB Mike Sweeney
|
0-0: Ball 1-0: Swinging Strike 1-1: Ball 2-1: Fly out, F9 (Flyball, 9S, EV 95.0 MPH)
|
| Bottom of the 6th over - 0 runs, 1 hit, 0 errors, 1 left on base; Toronto 0 - Montreal 3 |
| TOP OF THE 7TH |
|
Toronto Blue Jays batting - Pitching for Montreal Expos : RHP Jon Lieber
|
|
Batting: RHB Dean Palmer
|
0-0: Foul Ball, location: 2F 0-1: DOUBLE (Line Drive, 8LXD, EV 98.8 MPH)
|
|
Batting: RHB Hector Villanueva
|
0-0: Foul Ball, location: 2F 0-1: Called Strike 0-2: Ball 1-2: Foul Ball, location: 2F 1-2: Strikes out swinging
|
|
Batting: LHB Lance Johnson
|
0-0: Ground out 4-3 (Groundball, 4, EV 101.9 MPH) Dean Palmer to third
|
|
Batting: SHB Tony Fernandez
|
0-0: Ground out 6-3 (Groundball, 6, EV 82.5 MPH)
|
| Top of the 7th over - 0 runs, 1 hit, 0 errors, 1 left on base; Toronto 0 - Montreal 3 |
| BOTTOM OF THE 7TH |
|
Montreal Expos batting - Pitching for Toronto Blue Jays : RHP Melido Perez
|
|
Batting: RHB Leo Gomez
|
0-0: Called Strike 0-1: Foul Ball, location: 2F 0-2: Ball 1-2: Foul Ball, location: 2F 1-2: Fly out, F8 (Line Drive, 8RM, EV 96.3 MPH)
|
|
Batting: RHB Jose Hernandez
|
0-0: Ball 1-0: Foul Ball, location: 2F 1-1: Ball 2-1: Fly out, F9 (Flyball, 9S, EV 95.0 MPH)
|
|
Batting: SHB Ricky Otero
|
0-0: Called Strike 0-1: Ground out 6-3 (Groundball, 6S, EV 92.5 MPH)
|
| Bottom of the 7th over - 0 runs, 0 hits, 0 errors, 0 left on base; Toronto 0 - Montreal 3 |
| TOP OF THE 8TH |
|
Toronto Blue Jays batting - Pitching for Montreal Expos : RHP Jon Lieber
|
|
Batting: RHB Derek Jeter
|
0-0: Fly out, F9 (Flyball, 9, EV 88.1 MPH)
|
|
Batting: LHB Will Clark
|
0-0: Called Strike 0-1: Fly out, F7 (Flyball, 7S, EV 78.8 MPH)
|
|
Batting: RHB Mark McGwire
|
0-0: Foul Ball, location: 2F 0-1: Called Strike 0-2: Foul Ball, location: 2F 0-2: Ground out 5-3 (Groundball, 56, EV 87.5 MPH)
|
| Top of the 8th over - 0 runs, 0 hits, 0 errors, 0 left on base; Toronto 0 - Montreal 3 |
| BOTTOM OF THE 8TH |
|
Montreal Expos batting - Pitching for Toronto Blue Jays : RHP Melido Perez
|
|
Batting: SHB Gregg Jefferies
|
0-0: Ball 1-0: Bunt missed! 1-1: Ground out 4-3 (Groundball, 4MS, EV 85.0 MPH)
|
|
Batting: RHB Matt Williams
|
0-0: Called Strike 0-1: Ground out 4-3 (Groundball, 4, EV 86.9 MPH)
|
|
Batting: RHB Raul Mondesi
|
0-0: Swinging Strike 0-1: Foul Ball, location: 2F 0-2: Foul Ball, location: 2F 0-2: Ball 1-2: Ball 2-2: Strikes out swinging
|
| Bottom of the 8th over - 0 runs, 0 hits, 0 errors, 0 left on base; Toronto 0 - Montreal 3 |
| TOP OF THE 9TH |
|
Toronto Blue Jays batting - Pitching for Montreal Expos : RHP Jon Lieber
|
|
Batting: RHB Ellis Burks
|
0-0: DOUBLE (Groundball, 5L, EV 108.1 MPH)
|
|
Batting: LHB Phil Plantier
|
0-0: Called Strike 0-1: Called Strike 0-2: Strikes out swinging
|
|
Batting: RHB Dean Palmer
|
0-0: Called Strike 0-1: Swinging Strike 0-2: Ball 1-2: Ball 2-2: Strikes out swinging
|
|
Batting: RHB Hector Villanueva
|
0-0: Called Strike 0-1: Called Strike 0-2: Ball 1-2: Fly out, F9 (Line Drive, 9D, EV 95.0 MPH)
|
| Top of the 9th over - 0 runs, 1 hit, 0 errors, 1 left on base; Toronto 0 - Montreal 3 |
|